 Dungeon Crawl Stone Soup version 0.28.0-43-g3370ac3207 (webtiles) character file.

Game seed: 8314129147624102428

141036 Borgoz the Bludgeoner (level 17, -12/113 HPs)
             Began as a Gargoyle Berserker on Mar 12, 2022.
             Was the Champion of Trog.
             Shot with a sling bullet by a satyr (36 damage)
             ... on level 2 of the Shoals.
             The game lasted 01:03:38 (28293 turns).

Borgoz the Bludgeoner (Gargoyle Berserker)         Turns: 28293, Time: 01:03:38

Health: -12/113    AC: 47    Str: 21    XL:     17   Next: 32%
Magic:  17/17      EV: 16    Int:  4    God:    Trog [******]
Gold:   173        SH:  0    Dex: 15    Spells: 16/16 levels left

rFire   + + +      SeeInvis .   a - +8 great mace (flame)
rCold   + + +      Faith    .   (shield currently unavailable)
rNeg    + + +      Spirit   .   I - +9 pearl dragon scales of Pekheerama {Rampage rN+ Regen+}
rPois   ∞          Reflect  .   W - +2 helmet of Ashrire {+Blink rC++ Regen+ Str-2}
rElec   +          Harm     +   P - -1 cloak of Kyafapad {rC++ Str-5}
rCorr   .          Rampage  +   K - +1 pair of gloves of Lugonu's Generosity {rF+++ Regen+ Str-4 Stlth+}
Will    +++..                   L - +0 pair of boots "Taifatoi" {Harm}
Stlth   +.........              z - amulet of regeneration
HPRegen 4.48/turn               H - ring "Isuogack" {Fire Drain rPois Str+10 Int-3}
MPRegen 0.15/turn               E - ring "Zeikamy" {Fly rN+ Int-2 Slay+5}

@: strong-willed, flying, regenerating, slowed, very slow
A: sickness immunity, AC +12, big wings, negative energy resistance 1,
electricity resistance, torment resistance 1, petrification resistance
a: Renounce Religion, Evoke Blink, Berserk, Trog's Hand, Brothers in Arms


You were on level 2 of the Shoals.
You worshipped Trog.
Trog was exalted by your worship.
You visited 5 branches of the dungeon, and saw 26 of its levels.
You also visited: Trove, Ossuary and Gauntlet.

You collected 2560 gold pieces.
You spent 2387 gold pieces at shops.

Inventory:

Hand Weapons
 a - a +8 great mace of flaming (weapon)
Missiles
 u - 6 throwing nets (quivered)
Armour
 I - the +9 pearl dragon scales of Pekheerama (worn) {Rampage rN+ Regen+}
   (You found it on level 6 of the Lair of Beasts)

   rN:        It protects you from negative energy.
   Regen:     It increases your rate of health regeneration.
   Rampage:   It bestows one free step when moving towards enemies.
 K - the +1 pair of gloves of Lugonu's Generosity (worn) {rF+++ Regen+ Str-4 Stlth+}
   (You found it in a treasure trove)

   Str:       It affects your strength (-4).
   rF:        It renders you almost immune to fire.
   Regen:     It increases your rate of health regeneration.
   Stlth:     It makes you more stealthy.
 L - the +0 pair of boots "Taifatoi" (worn) {Harm}
   (You found it in a treasure trove)

   Harm:      It increases damage dealt and taken.
 P - the -1 cloak of Kyafapad (worn) {rC++ Str-5}
   (You found it in a treasure trove)

   Str:       It affects your strength (-5).
   rC:        It greatly protects you from cold.
 W - the +2 helmet of Ashrire (worn) {+Blink rC++ Regen+ Str-2}
   (You found it in a treasure trove)

   Str:       It affects your strength (-2).
   rC:        It greatly protects you from cold.
   +Blink:    It lets you blink.
   Regen:     It increases your rate of health regeneration.
Jewellery
 z - an amulet of regeneration (around neck)
 E - the ring "Zeikamy" (right hand) {Fly rN+ Int-2 Slay+5}
   (You found it in a Gauntlet)

   [ring of flight]

   Int:       It affects your intelligence (-2).
   Slay:      It affects your accuracy & damage with ranged weapons and melee
   (+5).
   rN:        It protects you from negative energy.
   Fly:       It grants you flight.
 H - the ring "Isuogack" (left hand) {Fire Drain rPois Str+10 Int-3}
   (You found it in a Gauntlet)

   [ring of fire]

   It enhances your fire magic.
   Str:       It affects your strength (+10).
   Int:       It affects your intelligence (-3).
   rF:        It protects you from fire.
   rC:        It makes you vulnerable to cold.
   rPois:     It protects you from poison.
   Drain:     It drains your maximum health when unequipped.
Wands
 j - a wand of iceblast (40)
 k - a wand of digging (6)
 A - a wand of paralysis (17)
 M - a wand of acid (12)
 N - a wand of flame (28)
Scrolls
 g - 11 scrolls of teleportation
 i - 3 scrolls of blinking
 t - a scroll of enchant armour
 v - 2 scrolls of magic mapping
 w - 2 scrolls of fear
 B - 2 scrolls of fog
 G - 2 scrolls of silence
Potions
 b - 13 potions of ambrosia
 c - a potion of attraction
 d - 4 potions of berserk rage
 e - 9 potions of curing
 f - 2 potions of cancellation
 h - 3 potions of haste
 n - 3 potions of invisibility
 o - 3 potions of might
 x - 5 potions of heal wounds
 C - 3 potions of mutation
 O - a potion of magic


   Skills:
 + Level 15.5 Fighting
 * Level 19.5 Maces & Flails
 + Level 15.4 Armour
 + Level 14.4 Dodging


You had 16 spell levels left.
You didn't know any spells.
Your spell library was empty.

Dungeon Overview and Level Annotations

Branches:
Dungeon (15/15)            Temple (0/1) D:6            Lair (6/6) D:9
 Shoals (2/4) Lair:4       Spider (0/4) Lair:2        Slime (0/5) Lair:6
    Orc (2/2) D:10            Elf (1/3) Orc:2        Vaults (0/5) D:14
 Depths (0/4) D:15        Ossuary (visited)         Gauntlet (visited)

Altars:
Ashenzari
Cheibriados
Elyvilon
Makhleb
Ru
Sif Muna
Trog
Uskayaw
Wu Jian
Xom
The Shining One
Beogh
Jiyva

Shops:
D:5 ::   D:6 =[[(   D:7 :   D:10 *   Orc:2 *![[

Portals:
Hell: Lair:6
Abyss: D:8


Innate Abilities, Weirdness & Mutations

You are immune to sickness and miasma.
Your stone body is resilient. (AC +12)
You are immune to poison.
Your large and strong wings let you fly.
You resist negative energy. (rN+)
You are resistant to electric shocks. (rElec)
You are resistant to unholy torment.
You are immune to petrification.


Message History

You are too injured to fight recklessly!
You are too injured to fight recklessly!
You are too injured to fight recklessly!
You are too injured to fight recklessly!
You are too injured to fight recklessly!
You are too injured to fight recklessly!
You are too injured to fight recklessly!
You are too injured to fight recklessly!
You are too injured to fight recklessly!
You are too injured to fight recklessly!
You are too injured to fight recklessly!
You are too injured to fight recklessly!
You are too injured to fight recklessly!
You are too injured to fight recklessly!
You are too injured to fight recklessly!
You are too injured to fight recklessly!
You are too injured to fight recklessly!
You are too injured to fight recklessly!
You are too injured to fight recklessly!
You are too injured to fight recklessly!
You are too injured to fight recklessly!
You are too injured to fight recklessly!
You are too injured to fight recklessly!
You are too injured to fight recklessly!
You are too injured to fight recklessly!
You are too injured to fight recklessly!
Your skin crawls.
You feel strong-willed.
The faun hits you from afar with a +0 spear!
The merfolk hits you but does no damage.
The satyr shoots a sling bullet.
The sling bullet completely misses you. The merfolk barely misses you.
The satyr is engulfed in a cloud of scalding steam.
The satyr shoots a sling bullet.
The sling bullet hits you!
* * * LOW HITPOINT WARNING * * *
The faun is engulfed in a cloud of scalding steam.
The merfolk hits you but does no damage.
The satyr is engulfed in a cloud of scalding steam.
The satyr shoots a sling bullet.
The sling bullet hits you!!
You die...

≈≈≈≈≈≈≈≈≈≈≈≈≈≈≈≈≈≈≈≈≈≈≈≈≈
≈≈≈≈≈≈≈≈≈≈≈≈≈≈≈≈≈≈≈≈≈≈≈≈≈
≈≈≈≈≈≈≈≈≈≈≈≈≈≈≈≈≈≈≈≈≈≈≈≈≈
≈≈≈≈§≈§≈≈≈≈≈≈≈≈≈≈≈≈≈≈≈###
≈≈≈≈≈≈≈≈≈≈≈≈≈≈≈≈≈≈≈..##
≈≈≈≈≈§≈§≈≈≈≈≈≈≈≈≈≈..#####
≈≈≈≈≈≈c§≈≈≈≈≈≈≈.≈..##♣♣..
≈≈≈≈§§c.)..≈≈≈.....#♣♣.|≈
≈≈≈≈≈cm.@?.........#♣.(≈≈
≈≈≈≈..c###........(#♣?≈≈≈
≈≈≈...# ##).......#♣.≈≈≈
≈≈...# ##........##.≈≈≈
≈≈..# ##.<.......##..≈≈
≈≈≈. #..≈.......#♣♣..≈
≈≈≈ #..........####..
###......=≈≈####♣
#.......≈≈≈####


You could see a satyr, a merfolk and 3 fauns.

Vanquished Creatures
  Saint Roka (Orc:2)
  Donald (Orc:2)
  A deep elf sorcerer (Elf:1)
  A very ugly thing (D:15)
  A minotaur (Gauntlet)
  Nessos (Orc:2)
  A dire elephant (Lair:6)
  An ettin (Orc:2)
  A deep elf death mage (Elf:1)
  Snorg (Orc:2)
  A merfolk impaler (Shoals:1)
  A great orb of eyes (D:15)
  Josephine (Lair:4)
  2 rakshasas (D:15)
  Harold (D:10)
  A hell beast (Lair:6)
  4 boulder beetles
  9 hydras
  2 merfolk avatars (Shoals:2)
  A vault guard (D:14)
  2 ogre magi (Orc:2)
  5 centaur warriors
  2 merfolk aquamancers
  A catoblepas (Lair:6)
  2 death scarabs (Gauntlet)
  7 dancing weapons
  The ghost of Jaiteiro the Cleaver, a novice MiFi of Trog (Lair:1)
  9 two-headed ogres
  A satyr (Shoals:2)
  A tengu warrior (D:14)
  2 spectral death yaks (Gauntlet)
  A deep elf knight (Elf:1)
  Nergalle (Lair:3)
  The ghost of raph the Spear-Bearer, a novice MfBe of Trog (D:8)
  2 deep trolls (Orc:1)
  6 sea snakes
  3 bog bodies (Shoals:2)
  A wizard (Lair:6)
  5 orc knights
  3 deep elf archers (Elf:1)
  7 deep elf zephyrmancers
  8 harpies
  A large abomination (Gauntlet)
  3 deep elf pyromancers
  3 orc sorcerers
  5 cyclopes
  4 manticores (Shoals:2)
  A faun (Shoals:2)
  A centaur zombie (D:11)
  24 slime creatures
  9 ugly things
  20 elephants
  Maurice (D:8)
  3 black mambas
  2 merfolk sirens (Shoals:2)
  15 cane toads
  2 orange demons (Lair:6)
  A water nymph (Shoals:2)
  Maggie (D:9)
  4 rime drakes
  The ghost of ilikefood the Changer, a novice OpTm of Nemelex Xobeh (D:6)
  Psyche (D:8)
  A kobold demonologist (D:12)
  A tengu conjurer (D:14)
  4 ice devils
  An unseen horror (D:11)
  A hellwing (Lair:6)
  7 komodo dragons
  3 komodo dragons (shapeshifter)
  2 queen bees
  9 trolls
  4 meliai
  A troll (shapeshifter) (D:15)
  8 polar bears
  14 merfolk
  3 wind drakes (Shoals:2)
  A tarantella (shapeshifter) (D:14)
  A wind drake (shapeshifter) (D:15)
  A hornet (Lair:1)
  9 blink frogs
  A snapping turtle (Shoals:2)
  A jumping spider (shapeshifter) (D:14)
  2 air elementals (Elf:1)
  A shadow (D:11)
  71 yaks
  7 water elementals
  3 wraiths (Lair:4)
  4 wyverns
  A hog (shapeshifter) (D:14)
  5 basilisks
  16 humans (D:14)
  4 redbacks (Lair:2)
  2 steam dragons
  8 vampire mosquitoes
  A warg (shapeshifter) (D:15)
  A warg (Orc:2)
  5 hell hounds (Lair:6)
  2 acid dragons
  22 water moccasins
  2 ice beasts (D:6)
  26 orc warriors
  2 sky beasts
  2 necrophages
  17 centaurs
  A phantom (D:5)
  7 small abominations
  25 ogres
  20 wolves
  2 kobold brigands
  Blork the orc (D:5)
  6 bullfrogs
  A gnoll sergeant (D:7)
  A wyvern zombie (D:8)
  An earth elemental (Elf:1)
  3 water moccasin zombies (Ossuary)
  3 scorpions
  A wyvern skeleton (D:7)
  39 killer bees
  4 electric eels
  2 howler monkeys
  8 crimson imps (D:14)
  A bullfrog zombie (D:6)
  A hound (D:5)
  A gnoll shaman (D:5)
  11 orc priests
  2 centaur skeletons
  Natasha (thrice) (D:2)
  5 iguanas
  12 orc wizards
  3 mummies
  Robin (D:2)
  6 adders
  9 gnolls
  A shadow imp (D:6)
  3 white imps
  An ufetubus (D:4)
  3 adder zombies (Ossuary)
  A dart slug (D:2)
  74 orcs
  6 ball pythons
  5 endoplasms
  A giant cockroach (D:1)
  4 hobgoblins (D:2)
  3 jackals (D:2)
  A quokka (D:5)
  4 bats
  6 frilled lizards
  7 gnoll zombies (Ossuary)
  20 goblins
  6 hobgoblin zombies (Ossuary)
  A jackal zombie (D:4)
  20 kobolds
  6 kobold zombies (Ossuary)
  5 orc zombies (Ossuary)
  A quokka skeleton (D:4)
  4 rats
846 creatures vanquished.

Vanquished Creatures (collateral kills)
  A spectral hydra (Gauntlet)
1 creature vanquished.

Vanquished Creatures (others)
  23 fungi
  61 plants
84 creatures vanquished.

Grand Total: 931 creatures vanquished

Notes
Turn   | Place    | Note
-------+----------+-------------------------------------------
     0 | D:1      | Borgoz the Gargoyle Berserker began the quest for the Orb.
     0 | D:1      | Reached XP level 1. HP: 14/14 MP: 1/1
   145 | D:1      | You fall into a shaft and drop 1 floor!
   162 | D:2      | Reached XP level 2. HP: 10/19 MP: 2/2
   349 | D:2      | Found an ornate altar of the Wu Jian Council.
   604 | D:1      | Reached XP level 3. HP: 23/23 MP: 3/3
  1173 | D:2      | Noticed Robin
  1181 | D:2      | Reached ** piety under Trog
  1187 | D:2      | Killed Robin
  1224 | D:2      | Noticed Natasha
  1240 | D:2      | Killed Natasha
  1241 | D:2      | Reached XP level 4. HP: 29/29 MP: 4/4
  1288 | D:2      | Noticed Natasha
  1297 | D:2      | Killed Natasha
  1298 | D:2      | Reached skill level 4 in Maces & Flails
  1653 | D:2      | Noticed Natasha
  1662 | D:2      | Killed Natasha
  1663 | D:2      | Reached XP level 5. HP: 33/33 MP: 5/5
  2002 | D:3      | Found a glowing golden altar of the Shining One.
  2055 | D:3      | Found a faded altar of an unknown god.
  2229 | D:3      | Reached *** piety under Trog
  2313 | D:4      | Identified a scroll of acquirement
  2313 | D:4      | Acquired a manual of Dodging
  2425 | D:4      | Found a sand-covered staircase.
  2436 | D:4      | Reached XP level 6. HP: 28/39 MP: 6/6
  2542 | Ossuary  | Entered an ossuary
  2581 | Ossuary  | Reached skill level 5 in Maces & Flails
  2673 | Ossuary  | Reached XP level 7. HP: 44/44 MP: 7/7
  2677 | Ossuary  | Reached **** piety under Trog
  2946 | D:3      | Reached skill level 5 in Fighting
  3204 | D:5      | Entered Level 5 of the Dungeon
  3470 | D:5      | Found Fyaz's Book Shoppe.
  3493 | D:5      | Reached skill level 6 in Maces & Flails
  3708 | D:5      | Reached XP level 8. HP: 50/50 MP: 8/8
  3878 | D:5      | Reached skill level 5 in Armour
  3996 | D:5      | Noticed Blork the orc
  4122 | D:5      | Found Cooj's Book Emporium.
  4216 | D:5      | Found a hide-covered altar of Uskayaw.
  4276 | D:5      | Killed Blork the orc
  4277 | D:5      | Reached skill level 5 in Dodging
  4359 | D:5      | Found a shimmering blue altar of Sif Muna.
  4534 | D:6      | Found a staircase to the Ecumenical Temple.
  4562 | D:6      | Reached skill level 7 in Maces & Flails
  4581 | D:6      | Found Jikeohes's Jewellery Shop.
  4595 | D:6      | Found Reatwa Gopeo's Antique Armour Shoppe.
  4602 | D:6      | Bought an encrusted helmet for 199 gold pieces
  4602 | D:6      | Identified the +2 helmet "Guagust" {*Slow rPois rC+ Int+4}
                  | (You bought it in a shop on level 6 of the Dungeon)
  4714 | D:6      | Found a burning altar of Makhleb.
  4744 | D:6      | Found Xarinot's Weapon Boutique.
  4774 | D:6      | Found a bloodstained altar of Trog.
  4774 | D:6      | Found Zoem's Antique Armour Boutique.
  4832 | D:6      | Found a runed translucent gate.
  4832 | D:6      | Found a runed translucent gate.
  4838 | D:6      | Noticed ilikefood's ghost (novice OpTm)
  4888 | D:6      | Found a runed translucent gate.
  5013 | D:6      | Found a white marble altar of Elyvilon.
  5381 | D:7      | Found Imonil's Book Boutique.
  5697 | D:7      | Reached XP level 9. HP: 56/56 MP: 9/9
  5975 | D:7      | Reached skill level 8 in Maces & Flails
  6596 | D:8      | Noticed Maurice
  6615 | D:8      | Killed Maurice
  6778 | D:8      | Found a transporter.
  6818 | D:8      | Noticed Psyche
  6829 | D:8      | Killed Psyche
  6830 | D:8      | Reached skill level 9 in Maces & Flails
  7029 | D:8      | Found a transporter.
  7029 | D:8      | Noticed an ice devil
  7034 | D:8      | Noticed raph's ghost (novice MfBe)
  7083 | D:9      | Found a staircase to the Lair.
  7093 | D:8      | Reached XP level 10. HP: 58/63 MP: 10/10
  7298 | D:9      | Noticed Maggie
  7385 | D:9      | Reached skill level 10 in Maces & Flails
  7407 | D:9      | Killed Maggie
  7710 | D:9      | Found a snail-covered altar of Cheibriados.
  7998 | D:6      | Killed ilikefood's ghost
  8013 | D:6      | Reached XP level 11. HP: 63/69 MP: 11/11
  8111 | D:8      | Found a one-way gate to the infinite horrors of the Abyss.
  8145 | D:8      | Killed raph's ghost
  8146 | D:8      | Reached skill level 11 in Maces & Flails
  8763 | D:10     | Entered Level 10 of the Dungeon
  8811 | D:10     | Found a broken altar of Ashenzari.
  8937 | D:10     | Identified the +9 trident "Widowmaker" {vamp, rC+ Str+2}
  9030 | D:10     | Reached ***** piety under Trog
  9149 | D:10     | Found a staircase to the Orcish Mines.
  9200 | D:10     | Noticed Harold
  9219 | D:10     | Killed Harold
  9540 | D:10     | Found Baazovul's Assorted Antiques.
  9722 | D:6      | Bought a jet-encrusted ring mail for 243 gold pieces
  9722 | D:6      | Identified the +0 ring mail "Akusonl Umei" {Fly Str-2
                  | Int+3} (You bought it in a shop on level 6 of the Dungeon)
  9722 | D:6      | Bought a crude ring mail for 243 gold pieces
  9722 | D:6      | Identified the +4 ring mail of Wu Jian's Grace {Dex+5} (You
                  | bought it in a shop on level 6 of the Dungeon)
  9898 | D:11     | Noticed a cyclops
  9905 | D:11     | Reached skill level 12 in Maces & Flails
  9913 | D:11     | Killed a cyclops
  9913 | D:11     | Received a gift from Trog
  9914 | D:11     | Reached skill level 10 in Dodging
 10158 | D:11     | Noticed a cyclops
 10216 | Lair:1   | Entered Level 1 of the Lair of Beasts
 10241 | Lair:1   | Noticed a five-headed hydra
 10252 | Lair:1   | Killed a five-headed hydra
 10258 | Lair:1   | Reached XP level 12. HP: 46/77 MP: 12/12
 10491 | Lair:1   | Reached skill level 10 in Fighting
 10766 | Lair:1   | Found a transporter.
 10830 | Lair:1   | Found a transporter.
 10831 | Lair:1   | Noticed Jaiteiro's ghost (novice MiFi)
 10831 | Lair:1   | Found the amulet of the Air {Inacc Air Fly rElec RMsl}
 10859 | Lair:1   | Reached skill level 10 in Armour
 10987 | Lair:1   | Noticed a five-headed hydra
 10999 | Lair:1   | Killed a five-headed hydra
 11188 | Lair:1   | Reached skill level 13 in Maces & Flails
 11563 | Lair:1   | Killed Jaiteiro's ghost
 11930 | Lair:1   | Identified the +0 hat "Trusted Companion" {Dex+6}
 12074 | Lair:2   | Noticed a boulder beetle
 12210 | Lair:2   | Identified the +0 scale mail of Woroig {rF+ rCorr}
 12245 | Lair:2   | Killed a boulder beetle
 12290 | Lair:2   | Found a shimmering altar of Xom.
 12303 | Lair:2   | Noticed a seven-headed hydra
 12310 | Lair:2   | Killed a seven-headed hydra
 12398 | Lair:2   | Found a hole to the Spider Nest.
 12487 | Lair:2   | Noticed a seven-headed hydra
 12494 | Lair:2   | Killed a seven-headed hydra
 12495 | Lair:2   | Reached XP level 13. HP: 66/84 MP: 13/13
 12709 | Lair:2   | Reached skill level 14 in Maces & Flails
 13448 | Lair:3   | Noticed Nergalle
 13449 | Lair:3   | Received a gift from Trog
 13468 | Lair:3   | Killed Nergalle
 14629 | Lair:4   | Noticed Josephine
 14637 | Lair:4   | Killed Josephine
 15028 | Lair:4   | Found a staircase to the Shoals.
 15348 | Lair:5   | Reached skill level 15 in Maces & Flails
 15533 | Lair:5   | Received a gift from Trog
 15668 | Lair:5   | Gained mutation: Your large and strong wings let you fly.
                  | [Gargoyle growth]
 15668 | Lair:5   | Reached XP level 14. HP: 36/92 MP: 14/14
 17018 | D:4      | Identified the +2 pair of boots of Oman {rF+ Int+4}
 17243 | Lair:6   | Entered Level 6 of the Lair of Beasts
 17690 | Lair:6   | Noticed a dire elephant
 17704 | Lair:6   | Killed a dire elephant
 18146 | Lair:6   | Reached skill level 16 in Maces & Flails
 18148 | Lair:6   | Found a viscous altar of Jiyva.
 18148 | Lair:6   | Found a staircase to the Slime Pits.
 18152 | Lair:6   | Received a gift from Trog
 18200 | Lair:6   | Identified the +11 dagger "Ysug" {freeze, Contam rF++ rCorr
                  | Dex+8}
 18776 | Lair:6   | Found a burning altar of Makhleb.
 18852 | Lair:6   | Found a gateway to Hell.
 18859 | Lair:6   | Identified the +9 pearl dragon scales of Pekheerama
                  | {Rampage rN+ Regen+}
 20379 | D:12     | Reached XP level 15. HP: 99/99 MP: 15/15
 20699 | D:6      | Bought a warped cloak for 256 gold pieces
 20699 | D:6      | Identified the -6 cloak "Zuin" {Dex+6} (You bought it in a
                  | shop on level 6 of the Dungeon)
 20699 | D:6      | Bought a runed hat for 189 gold pieces
 20989 | D:13     | Found a gate leading to a gauntlet.
 21000 | Gauntlet | Entered a Gauntlet
 21000 | Gauntlet | Found a transporter.
 21000 | Gauntlet | Found a transporter.
 21000 | Gauntlet | Found a runed translucent door.
 21000 | Gauntlet | Found a runed translucent door.
 21015 | Gauntlet | Found a transporter.
 21033 | Gauntlet | Found a transporter.
 21033 | Gauntlet | Found a transporter.
 21033 | Gauntlet | Found a transporter.
 21036 | Gauntlet | Found a transporter.
 21036 | Gauntlet | Found a transporter.
 21046 | Gauntlet | Found a runed translucent gate.
 21048 | Gauntlet | Found a runed translucent gate.
 21048 | Gauntlet | Found a transporter.
 21049 | Gauntlet | Found a runed translucent gate.
 21063 | Gauntlet | Found a transporter.
 21076 | Gauntlet | Found a transporter.
 21091 | Gauntlet | Found a transporter.
 21111 | Gauntlet | Found a transporter.
 21124 | Gauntlet | Found a transporter.
 21353 | Gauntlet | Identified the +0 helmet "Dyffawi" {Str+7 Stlth-}
 21374 | Gauntlet | Identified the ring "Zeikamy" {Fly rN+ Int-2 Slay+5}
 21424 | Gauntlet | Identified the ring "Isuogack" {Fire Drain rPois Str+10
                  | Int-3}
 21763 | D:13     | Reached skill level 17 in Maces & Flails
 21986 | D:14     | Found a burning altar of Makhleb.
 22021 | D:14     | Found a gate to the Vaults.
 22556 | D:14     | Found a portal to a secret trove of treasure.
 22885 | D:15     | Entered Level 15 of the Dungeon
 22984 | D:15     | Found a sacrificial altar of Ru.
 23156 | D:15     | Identified the +9 hand crossbow of Zygoorimoj {venom,
                  | Contam rN+ Will++ Int+2}
 23815 | D:15     | Found a staircase to the Depths.
 23829 | D:15     | Reached XP level 16. HP: 97/106 MP: 16/16
 24059 | Orc:1    | Entered Level 1 of the Orcish Mines
 24166 | Orc:2    | Entered Level 2 of the Orcish Mines
 24166 | Orc:2    | Found a staircase to the Elven Halls.
 24176 | Orc:2    | Noticed Nessos
 24178 | Orc:2    | Found Suusi Backots's Distillery.
 24205 | Orc:1    | Reached skill level 18 in Maces & Flails
 24351 | Orc:2    | Identified the +4 quarterstaff "Zoasijoaq" {vorpal, rC+
                  | rCorr MP-9} (Trog gifted it to you on level 2 of the Orcish
                  | Mines)
 24351 | Orc:2    | Received a gift from Trog
 24374 | Orc:2    | Killed Nessos
 24481 | Orc:2    | Noticed Donald
 24488 | Orc:2    | Killed Donald
 24602 | Orc:2    | Noticed Snorg
 24617 | Orc:2    | Killed Snorg
 25080 | Orc:1    | Received a gift from Trog
 25199 | Orc:2    | Found Fuydef's Armour Boutique.
 25211 | Orc:2    | Found Uptasof's Assorted Antiques.
 25211 | Orc:2    | Found Zuckaa's Armour Emporium.
 25393 | Orc:2    | Noticed Saint Roka
 25409 | Orc:2    | Killed Saint Roka
 25776 | Elf:1    | Entered Level 1 of the Elven Halls
 25962 | Elf:1    | Identified the +2 cloak of the Weaver {rF+ Str+5 Int-5}
 26007 | Elf:1    | Reached skill level 15 in Fighting
 26035 | Elf:1    | Reached ****** piety under Trog
 26540 | Elf:1    | Reached skill level 19 in Maces & Flails
 26680 | D:10     | Bought the +3 hat of Pondering {ponderous, Will+ MP+10
                  | Int+5} for 1257 gold pieces
 26680 | D:10     | Found the +3 hat of Pondering {ponderous, Will+ MP+10
                  | Int+5}
 26817 | D:14     | You paid a toll of the hat of Pondering to enter a treasure
                  | trove
 26818 | Trove    | Entered a treasure trove
 26826 | Trove    | Identified the +1 pair of gloves of Lugonu's Generosity
                  | {rF+++ Regen+ Str-4 Stlth+}
 26829 | Trove    | Identified the +0 pair of boots "Taifatoi" {Harm}
 26832 | Trove    | Identified the -1 cloak of Kyafapad {rC++ Str-5}
 26834 | Trove    | Identified the +3 scale mail of Zebum {rElec rF- Will-
                  | Str+2 Int+6}
 26836 | Trove    | Identified the +0 crystal plate armour of Prudence
                  | {*Corrode Int+6 Slay+2}
 26838 | Trove    | Identified the +1 chain mail of Deogucw {Dex+3}
 26840 | Trove    | Identified the +1 plate armour of Refuge {Int+3 Dex+3}
 26844 | Trove    | Identified the +2 helmet of Ashrire {+Blink rC++ Regen+
                  | Str-2}
 26847 | Trove    | Identified the +0 helmet of Unreason {rElec Stlth+}
 27178 | Shoals:1 | Entered Level 1 of the Shoals
 27186 | Shoals:1 | Reached skill level 15 in Armour
 27195 | Shoals:1 | Received a gift from Trog
 27545 | Shoals:1 | Reached XP level 17. HP: 113/113 MP: 17/17
 28285 | Shoals:2 | Received a gift from Trog
 28293 | Shoals:2 | Shot with a sling bullet by a satyr

Illustrated notes

Levels and vault maps discovered:
D:1:      dpeg_arrival_stone_temple_mockup, layout_loops_cross
D:2:      layout_rooms, basic_altar, uniq_natasha, uniq_robin
D:3:      layout_basic, mainiacjoe_overflow_boulevard, basic_ecumenical_altar,
          serial_corexii_hall, corexii_hall_statues_t, corexii_hall_statues_i,
          corexii_hall_statues_l, corexii_hall_statues_i,
          corexii_hall_statues_u, chequers_hall_statues_y
D:4:      layout_rooms, enter_ossuary_3, minivault_25,
          chequers_serial_rivers_micro_a, minmay_misc_feat_tiny,
          lexackson_kobold_supper
D:5:      layout_basic, tgw_sif, mainiacjoe_overflow_alcove_1, serial_shops,
          kennysheep_mini, shop, minmay_misc_feat_iff
D:6:      layout_rooms, bloody_trog, lemuel_crystal_altar,
          nicolae_elyvilon_temple_path, gammafunk_ghost_split, serial_shops,
          nicolae_inconvenience_store, shop, nicolae_square_shop,
          nicolae_diamond_shop, kennysheep_another_room
D:7:      layout_basic, small_statue_intersection, nicolae_stop_n_shop_1
D:8:      layout_cave_pools, gammafunk_ghost_abyssal_escape, uniq_psyche,
          uniq_maurice
D:9:      layout_rooms, chei_slow_surprise, minmay_lair_entry_grove, uniq_maggie
D:10:     layout_rooms, ashenzari_conservatory_becter, hiddenorc1_lemuel,
          serial_shops, nicolae_shop_behind_doors,
          amcnicky_mini_corridor_feature, uniq_harold
D:11:     layout_cave_pools, minivault_16
D:12:     layout_basic
D:13:     layout_basic, gauntlet_entry_generic
D:14:     layout_roguey, david_vaults_3, enter_trove_5, bloody_makhleb,
          minmay_nine_imps
D:15:     gammafunk_enter_depths_forms, layout_gridville,
          nicolae_ru_path_of_blood
Lair:1:   layout_loops_ring, gammafunk_ghost_hive
Lair:2:   layout_misc_corridors, spider_nest_entry_webs, basic_altar,
          infiniplex_staircase_pool_2, grunt_megastairs_1
Lair:3:   layout_gridlike, special_room [special_room_bee], lemuel_fruit_fields,
          uniq_nergalle
Lair:4:   layout_regular_city, shoals_dummy_entry, grunt_megastairs_4,
          serial_bayou_shore_a, uniq_josephine
Lair:5:   layout_cave_pods, grunt_megastairs_2, infiniplex_staircase_pool,
          lemuel_fruit_fields
Lair:6:   evil_forest, layout_regular_city, slime_altar_1,
          cheibrodos_lair_lostbears
Shoals:1: layout_shoals
Shoals:2: argonaut_golden_fleece, layout_shoals, nicolae_shoals_secluded_bog
Orc:1:    layout_caves, basic_altar, lightli_orcish_oven
Orc:2:    st_orc_open, layout_caves, nicolae_orc_crystal_geode, uniq_saint_roka,
          uniq_donald, uniq_snorg, uniq_nessos
Elf:1:    minmay_elf_arrival_circle, layout_geoelf_grid, minivault_28

Skill      XL: |  1  2  3  4  5  6  7  8  9 10 11 12 13 14 15 16 |
---------------+-------------------------------------------------+-----
Dodging        | 2 3 4 5 7 8 10 11 12 13 14 | 14.4
Maces & Flails | 4 5 6 7 9 10 12 13 15 16 17 19 | 19.5
Armour         | 3 4 5 7 8 9 10 12 13 14 15 | 15.4
Fighting       | 4 5 6 7 8 9 11 12 13 14 15 | 15.5

Action                   |  1- 3 |  4- 6 |  7- 9 | 10-12 | 13-15 | 16-18 || total
-------------------------+-------+-------+-------+-------+-------+-------++-------
Melee: Mace              |    47 |       |   180 |   114 |       |       ||   341
       Whip              |    62 |   156 |   168 |       |       |       ||   386
       Punch             |     1 |     1 |     4 |    10 |     8 |       ||    24
       Morningstar       |       |       |       |   601 |   413 |       ||  1014
       Great mace        |       |       |       |       |   727 |   470 ||  1197
Throw: Throwing net      |       |       |       |     4 |       |       ||     4
Invok: Berserk           |     2 |     5 |     8 |    11 |    14 |     5 ||    45
       Trog's Hand       |     1 |       |     1 |     2 |     1 |     1 ||     6
Evoke: Wand              |       |       |       |     3 |       |       ||     3
  Use: Scroll            |       |     9 |       |     4 |    25 |     2 ||    40
       Potion            |       |       |     3 |     1 |       |       ||     4
 Stab: Invisible         |       |       |     1 |       |       |       ||     1
       Sleeping          |       |       |     1 |       |       |       ||     1
       Distracted        |       |       |       |     1 |       |       ||     1
       Confused          |       |       |       |       |     1 |       ||     1
Armor: Plate armour      |    84 |   117 |   190 |       |       |       ||   391
       Animal skin       |     1 |       |       |       |       |       ||     1
       Steam dragon scal |       |       |    17 |   166 |       |       ||   183
       Ring mail         |       |       |       |   180 |   339 |       ||   519
       Pearl dragon scal |       |       |       |       |   232 |   259 ||   491
Dodge: Dodged            |    50 |    30 |   111 |   698 |  1420 |   528 ||  2837
